 Dungeon Crawl Stone Soup version 0.29.1-13-g9f3cf754e1 (webtiles) character file.

Game seed: 2973068437782775431

6454 zlionsfan the Carver (level 10, -2/76 HPs)
             Began as a Palentonga Monk on Jan 29, 2023.
             Was a Priest of Hepliaklqana.
             Slain by a two-headed ogre
             ... wielding a +0 giant club
              (10 damage)
             ... on level 10 of the Dungeon.
             The game lasted 00:31:36 (9949 turns).

zlionsfan the Carver (Palentonga Monk)              Turns: 9949, Time: 00:31:38

Health: -2/76      AC: 23    Str: 19    XL:     10   Next: 67%
Magic:  10/10      EV:  2    Int: 10    God:    Hepliaklqana [***...]
Gold:   598        SH: 14    Dex: 21    Spells: 9/9 levels left

rFire   + . .      SeeInvis +   D - +7 falchion (vorpal)
rCold   . . .      Faith    .   t - +0 tower shield
rNeg    . . .      Spirit   .   y - +0 plate armour
rPois   .          Reflect  .   e - +0 helmet
rElec   .          Harm     .   n - +2 cloak
rCorr   .          Rampage  .   (no gloves)
Will    .....                   (no barding)
Stlth   ..........              (no amulet)
HPRegen 0.22/turn               g - +6 ring of dexterity
MPRegen 0.12/turn               u - ring of protection from fire

@: lethally poisoned (-2 -> -4), curled up
A: reduced essence, large, rugged brown scales 3, see invisible, deformed body,
roll 1, armoured tail, reflexive curl
a: Rolling Charge, Renounce Religion, Recall Ancestor, Ancestor Identity,
Transference


You were on level 10 of the Dungeon.
You worshipped Hepliaklqana.
Hepliaklqana was most pleased with you.
You visited 2 branches of the dungeon, and saw 11 of its levels.
You also visited: Sewer.

You collected 598 gold pieces.

Inventory:

Hand Weapons
 d - a +0 spectral quarterstaff
 q - a +2 long sword of holy wrath
 D - a +7 vorpal falchion (weapon)
Armour
 e - a +0 helmet (worn)
 n - a +2 cloak (worn)
 t - a +0 tower shield (worn)
 y - a +0 plate armour (worn)
Jewellery
 g - a +6 ring of dexterity (left hand)
 i - a ring of magical power
 u - a ring of protection from fire (right hand)
 A - a ring of wizardry
Wands
 p - a wand of flame (8)
 z - a wand of charming (3)
Scrolls
 f - 4 scrolls of blinking
 k - 4 scrolls of poison
 l - 3 scrolls of fear
 o - a scroll of vulnerability {unknown}
 r - a scroll of fog {unknown}
 s - 3 scrolls of magic mapping
 x - 4 scrolls of teleportation
 C - 3 scrolls of amnesia
Potions
 a - a potion of resistance {unknown}
 b - 3 potions of heal wounds
 c - 2 potions of ambrosia
 h - a potion of berserk rage {unknown}
 j - a potion of flight {unknown}
 m - a potion of might {unknown}
 v - 2 potions of attraction
 w - 3 potions of haste
 B - a potion of magic {unknown}
 E - a potion of brilliance {unknown}


   Skills:
 * Level 7.2 Fighting
 * Level 8.4 Long Blades
 + Level 7.7 Staves
 * Level 7.6 Armour
 + Level 2.9 Dodging
 + Level 2.4 Stealth
 + Level 1.8 Shields


You had 9 spell levels left.
You didn't know any spells.
Your spell library contained the following spells:

 Spells                   Type           Power      Damage    Failure   Level
 Slow                     Hex            0%         N/A       100%        1
 Confusing Touch          Hex            0%         N/A       100%        3
 Dazzling Flash           Conj/Hex       0%         N/A       100%        3
 Gell's Gravitas          Tloc           0%         N/A       100%        3
 Teleport Other           Tloc           0%         N/A       100%        3
 Vampiric Draining        Necr           0%         2d6       100%        3
 Iskenderun's Mystic Bla  Conj/Tloc      0%         2d3       100%        4
 Summon Ice Beast         Ice/Summ       0%         N/A       100%        4
 Summon Mana Viper        Hex/Summ       0%         N/A       100%        5
 Dispersal                Tloc           0%         N/A       100%        6
 Starburst                Conj/Fire      0%         6d3       100%        6
 Monstrous Menagerie      Summ           0%         N/A       100%        7
 Borgnjor's Revivificati  Necr           0%         N/A       100%        8
 Necromutation            Tmut/Necr      0%         N/A       100%        8
 Death's Door             Necr           0%         N/A       100%        9


Dungeon Overview and Level Annotations

Branches:
Dungeon (10/15)            Temple (1/1) D:6             Orc (0/2) D:9
  Sewer (visited)
   Lair: D:8-11

Altars:
Ashenzari
Cheibriados
Dithmenos
Elyvilon
Hepliaklqana
Kikubaaqudgha
Nemelex Xobeh
Okawaru
Qazlal
Ru
Sif Muna
Uskayaw
Vehumet
Wu Jian
Xom
Yredelemnul
Zin
The Shining One

Shops:
D:9 [


Innate Abilities, Weirdness & Mutations

Your life essence is reduced to manifest your ancestor. (-10% HP)
You are completely covered in rugged brown scales. (AC +3, +7% HP)
You have supernaturally acute eyesight. (SInv)
Armour fits poorly on your strangely shaped body.
You can roll at nearby foes to attack.
You have a long armoured tail.
You curl defensively after being hit. (AC +7*)


Message History

A two-headed ogre comes into view. It is wielding two +0 giant clubs.
You slash the yak! You tail-slap the yak.
You kill the yak!
The centaur shoots an arrow.
The arrow completely misses Citlalmina.
You block the arrow.
The kobold brigand hits you but does no damage.
Something gores Citlalmina!
The centaur unwields a +0 shortbow.
The centaur hits Citlalmina.
The centaur barely misses Citlalmina.
You swap places.
The yak gores Citlalmina!
Citlalmina is destroyed!
You block the centaur's attack.
The centaur kicks you but does no damage.
The yak gores you.
There is an open door here.
The kobold brigand attacks as you move away!
The kobold brigand hits you but does no damage.
The centaur hits you. You block the centaur's attack.
The centaur hits you but does no damage.
The centaur kicks you but does no damage.
The kobold brigand throws a poisoned dart.
The poisoned dart hits you!
You are poisoned.
You feel sick. You block the kobold brigand's attack.
You barely miss the kobold brigand.
The kobold brigand is severely wounded.
You feel sick. You block the kobold brigand's attack.
The kobold brigand hits you but does no damage.
You slash the kobold brigand!
You kill the kobold brigand!
You feel sick.
The centaur wields a +0 shortbow.
The centaur shoots an arrow.
You block the arrow.
The centaur shoots an arrow.
The arrow hits you.
You hear two shouts!
Aiming: Charm
Press: ? - help, Shift-Dir - straight line, f - two-headed ogre
Aim: a two-headed ogre, wielding two +0 giant clubs (chance to affect: 31%)
The two-headed ogre easily resists.
You feel sick.
The two-headed ogre hits you with a +0 giant club!!
* * * LOW HITPOINT WARNING * * *
The two-headed ogre hits you with a +0 giant club!
You die...

#.## ##.# #...
...#..# #..
..#+..# ..###..
#..# #...# #..#
#.##†.†##.#..####
#....#YY..#.....#
#####'#####.....#
#....cO@........#
#.#########.....#
#.# #.##### #.#
#.#
+.#+####.##'#####
#......#.#......#
#......#.#......#
#......#.#......#
#........#.######


You could see a two-headed ogre and a centaur.

Vanquished Creatures
  A two-headed ogre (D:9)
  A hornet (D:9)
  A shadow (D:9)
  3 yaks (D:10)
  A steam dragon (D:8)
  An acid dragon (D:9)
  2 water moccasins
  3 orc warriors
  2 black bears (D:8)
  A sky beast (D:6)
  2 centaurs
  3 kobold brigands
  Blork the orc (D:6)
  5 bullfrogs
  A gnoll sergeant (D:10)
  2 necrophages
  6 scorpions
  A wight (D:6)
  2 killer bees (D:9)
  3 howler monkeys
  3 hounds
  5 jellies
  An orc priest (D:6)
  2 iguanas
  A gnoll bouda (D:7)
  Ijyb (D:5)
  6 orc wizards
  9 gnolls
  8 adders
  2 white imps
  3 worms
  2 dart slugs
  30 orcs
  13 ball pythons
  13 endoplasms
  9 giant cockroaches
  4 goblins
  5 hobgoblins
  4 jackals (D:3)
  8 quokkas
  4 bats
  12 frilled lizards
  15 kobolds
  9 rats
211 creatures vanquished.

Vanquished Creatures (collateral kills)
  A hornet (D:8)
  Sigmund (D:5)
  A yak (D:10)
  Menkaure (D:5)
  2 sky beasts (D:8)
  An orc warrior (D:9)
  2 kobold brigands (D:8)
  A bullfrog (D:9)
  2 scorpions (D:5)
  2 killer bees (D:9)
  2 howler monkeys
  An electric eel (D:10)
  A hound (D:5)
  2 orc priests (D:9)
  2 orc wizards (D:9)
  An adder (D:5)
  3 gnolls
  8 orcs
  A quokka (D:5)
  5 kobolds
40 creatures vanquished.

Vanquished Creatures (others)
  An acid dragon (D:10)
  2 battlemagi
  A gnoll (D:10)
  7 plants
11 creatures vanquished.

Grand Total: 262 creatures vanquished

Notes
Turn   | Place    | Note
-------+----------+-------------------------------------------
     0 | D:1      | zlionsfan the Palentonga Monk began the quest for the Orb.
     0 | D:1      | Reached XP level 1. HP: 19/19 MP: 1/1
   146 | D:1      | Found a faded altar of an unknown god.
   937 | D:2      | Reached XP level 2. HP: 25/25 MP: 2/2
  1362 | D:2      | Reached XP level 3. HP: 30/31 MP: 3/3
  1467 | D:2      | Reached skill level 1 in Armour
  1478 | D:2      | Reached skill level 1 in Staves
  2204 | D:3      | Reached XP level 4. HP: 37/39 MP: 4/4
  2502 | D:3      | Found a sacrificial altar of Ru.
  2898 | D:3      | Reached XP level 5. HP: 44/44 MP: 5/5
  3141 | D:4      | Found a shimmering altar of Xom.
  3502 | D:4      | Reached XP level 6. HP: 40/52 MP: 6/6
  3943 | D:5      | Entered Level 5 of the Dungeon
  4018 | D:5      | Noticed Ijyb
  4033 | D:5      | Killed Ijyb
  4054 | D:5      | Noticed Sigmund
  4054 | D:5      | Noticed Menkaure
  4216 | D:5      | Gained mutation: You curl defensively after being hit. (AC
                  | +7*) [Palentonga growth]
  4216 | D:5      | Reached XP level 7. HP: 52/58 MP: 7/7
  4325 | D:5      | You fall into a shaft and drop 2 floors!
  4715 | D:7      | Reached skill level 5 in Staves
  5037 | D:6      | Reached XP level 8. HP: 60/65 MP: 8/8
  5327 | D:6      | Reached skill level 5 in Fighting
  5329 | D:6      | Noticed Blork the orc
  5336 | D:6      | Killed Blork the orc
  5408 | D:6      | Reached skill level 5 in Armour
  5529 | D:6      | Found a staircase to the Ecumenical Temple.
  5559 | D:6      | Found a glowing drain.
  5566 | Sewer    | Entered a sewer
  5835 | Temple   | Entered the Ecumenical Temple
  5846 | Temple   | Became a worshipper of Hepliaklqana the Forgotten
  5846 | Temple   | Reached * piety under Hepliaklqana
  5846 | Temple   | Reached ** piety under Hepliaklqana
  5847 | Temple   | Remembered your ancestor Citlalmina as a battlemage
  6163 | D:5      | Killed Sigmund
  6169 | D:5      | Reached XP level 9. HP: 38/66 MP: 9/9
  6528 | D:5      | Killed Menkaure
  7033 | D:6      | Reached skill level 4 in Long Blades
  7310 | D:6      | Found a shadowy altar of Dithmenos.
  7660 | D:8      | Reached skill level 5 in Long Blades
  8390 | D:8      | Reached skill level 6 in Long Blades
  8767 | D:9      | Reached XP level 10. HP: 70/74 MP: 10/10
  8816 | D:9      | Found a staircase to the Orcish Mines.
  8974 | D:9      | Noticed a two-headed ogre
  9071 | D:9      | Reached *** piety under Hepliaklqana
  9152 | D:9      | Reached skill level 1 in Shields
  9189 | D:9      | Killed a two-headed ogre
  9190 | D:9      | Reached skill level 7 in Long Blades
  9302 | D:9      | Found Lozukk's Antique Armour Shop.
  9341 | D:9      | Paralysed by a hornet for 1 turns
  9820 | D:10     | Entered Level 10 of the Dungeon
  9938 | D:10     | Reached skill level 8 in Long Blades
  9940 | D:10     | Noticed a two-headed ogre
  9949 | D:10     | Slain by a two-headed ogre

Illustrated notes

Levels and vault maps discovered:
D:1:      heliophobic_arrival_battle_scene, layout_loops_ring,
          dreamdust_ecumenical_altar_grove, dreamdust_princess_corridor
D:2:      wad_woods_settlement, layout_basic, grunt_ministairs_10
D:3:      layout_loops_corners, nicolae_ru_sacrificial_ziggurat
D:4:      layout_basic, lemuel_crystal_altar
D:5:      minmay_evil_eye, layout_cave_pools, fountainhead, uniq_ijyb,
          uniq_sigmund, uniq_menkaure
D:6:      layout_gridville, mainiacjoe_overflow_surrounded_room,
          minmay_temple_entry_trees, portal_sewer_entry_e, minivault_19,
          serial_bayou_pond_b, chequers_serial_rivers_room_b, uniq_blork_the_orc
D:7:      layout_basic, minmay_circle_x
D:8:      minmay_weird_star, layout_basic, minmay_misc_feat_five
D:9:      layout_stronghold, david_orc_2, serial_shops, shop
D:10:     minmay_the_grid_net [minmay_the_grid_pillar_ring,
          minmay_the_grid_outer_circle, minmay_the_grid_square_x,
          minmay_the_grid_broken_lines, minmay_the_grid_plusring,
          minmay_the_grid_prize_shrinking_boxes], layout_basic,
          chequers_temple_overflow_minitemple, enter_trove_5
Temple:   eino_wide_crystal_templ

Skill      XL: |  1  2  3  4  5  6  7  8  9 10 |
---------------+-------------------------------+-----
Armour         | 1 2 3 4 5 6 7 |  7.6
Staves         | 1 2 3 4 5 7 |  7.7
Fighting       | 4 5 6 7 |  7.2
Long Blades    | 6 8 |  8.4
Stealth        | 2 |  2.4
Shields        | 1 |  1.8
Dodging        | |  2.9

Action                   |  1- 3 |  4- 6 |  7- 9 | 10-12 || total
-------------------------+-------+-------+-------+-------++-------
Melee: Quarterstaff      |    54 |   104 |   121 |       ||   279
       Tailslap          |     4 |    12 |    28 |    12 ||    56
       Falchion          |       |       |    86 |    73 ||   159
Invok: Ancestor Life: Ba |       |       |     1 |       ||     1
 Abil: Rolling Charge    |     6 |    13 |    35 |     9 ||    63
Evoke: Wand              |       |       |       |     3 ||     3
  Use: Potion            |       |     1 |     1 |     1 ||     3
       Scroll            |       |       |    12 |     2 ||    14
 Stab: Sleeping          |     2 |     2 |       |       ||     4
       Distracted        |       |       |     5 |     3 ||     8
Armor: Ring mail         |    27 |    13 |       |       ||    40
       Plate armour      |       |    26 |   125 |    42 ||   193
Dodge: Dodged            |    19 |    31 |    47 |     1 ||    98
Block: Tower shield      |       |       |    15 |    79 ||    94
